Map: Ruines de Seras

Players

imData

  • Race: Protoss Protoss
  • League: Master

DARKKKIS - Winner!

  • Race: Protoss Protoss

VOD

Have the link to the VOD?

Description

Time

  • Played on: April 17, 2016, 2:04 p.m.
  • Length: 4:59
Show
View Real Time Build Order
Export as new Build Order

imData Protoss 

Build Orders: 1 Gate Expand 

Get SALT Encoding   

  12  0:01  Probe (Chrono Boost)  
  13  0:11  Probe (Chrono Boost)  
  14  0:17  Pylon  
  14  0:23  Probe (Chrono Boost)  
  15  0:36  Probe (Chrono Boost)  
  15  0:39  Gateway  
  16  0:46  Probe (Chrono Boost)  
  16  0:49  Assimilator  
  18  0:57  Probe (Chrono Boost)  
  18  1:07  Probe (Chrono Boost)  
  19  1:24  Nexus  
  19  1:35  Cybernetics Core  
  19  1:40  Assimilator  
  19  1:45  Probe (Chrono Boost)  
  20  1:55  Probe (Chrono Boost)  
  20  1:57  Gateway  
  22  2:10  Pylon  
  22  2:13  Mothership Core (Chrono Boost)  
  23  2:19  Warp Gate (Chrono Boost)  
  23  2:31  Probe (Chrono Boost)  
  24  2:39  Stalker (Chrono Boost)  
  24  2:42  Probe (Chrono Boost)  
  24  2:43  Probe (Chrono Boost)  
  27  2:46  Zealot (Chrono Boost)  
  29  2:53  Probe (Chrono Boost)  
  29  2:58  Probe (Chrono Boost)  
  31  3:04  Probe (Chrono Boost)  
  32  3:07  Stalker (Chrono Boost)  
  33  3:16  Stargate  
  33  3:26  Stalker (Chrono Boost)  
  35  3:27  Probe  
  35  3:29  Probe  
  37  3:39  Probe (Chrono Boost), Stalker (Chrono Boost)  
  40  3:43  Probe (Chrono Boost)  
  41  3:52  Probe (Chrono Boost)  
  41  3:54  Probe (Chrono Boost)  
  41  4:02  Void Ray (Chrono Boost)  
  45  4:09  Pylon  
  45  4:25  Probe  
  45  4:27  Probe  
  45  4:30  Stalker  
  40  4:38  Stalker  
Show
View Real Time Build Order
Export as new Build Order

DARKKKIS Protoss - Winner!

Build Orders:  

Get SALT Encoding   

  12  0:02  Probe (Chrono Boost)  
  13  0:12  Probe (Chrono Boost)  
  14  0:23  Probe (Chrono Boost)  
  14  0:25  Pylon  
  15  0:43  Probe (Chrono Boost), Gateway  
  15  0:45  Assimilator  
  16  0:53  Probe (Chrono Boost)  
  18  1:04  Probe (Chrono Boost)  
  18  1:10  Gateway  
  18  1:15  Probe (Chrono Boost)  
  19  1:25  Probe (Chrono Boost)  
  20  1:31  Cybernetics Core  
  20  1:35  Assimilator  
  20  1:36  Probe (Chrono Boost)  
  21  1:46  Probe (Chrono Boost)  
  22  1:48  Pylon  
  22  1:57  Probe (Chrono Boost)  
  23  2:06  Pylon  
  27  2:08  Stalker (Chrono Boost)  
  27  2:10  Stalker (Chrono Boost)  
  27  2:12  Warp Gate (Chrono Boost)  
  27  2:30  Gateway  
  27  2:42  Gateway  
  27  2:44  Stalker  
  27  2:51  Stalker  
  31  2:59  Pylon  
  31  3:17  Stalker  
  33  3:20  Stalker  
  35  3:30  Mothership Core  
  37  3:38  Pylon  
  37  4:10  Stalker x4  
  43  4:35  Stalker x2  
  43  4:36  Stalker  
Tags
 
Add a new tag
Caveats
  • Supply blocks, unpowered buildings, or Contaminate may cause inaccurate times.
  • Supply counts are checked every 10 seconds.